 Dungeon Crawl Stone Soup version 0.18-a0-1654-ge73a678 (webtiles) character file.

4796 MenacingMecha the Severer (level 10, -10/84 HPs)
             Began as a Deep Dwarf Gladiator on Mar 30, 2016.
             Was a Priest of Makhleb.
             Mangled by a red ugly thing (19 damage)
             ... on level 11 of the Dungeon.
             The game lasted 02:05:43 (6486 turns).

MenacingMecha the Severer (Deep Dwarf Gladiator)    Turns: 6486, Time: 02:05:44

Health: -10/84     AC: 19    Str: 19    XL:     10   Next: 24%
Magic:  11/11      EV: 10    Int:  9    God:    Makhleb [***...]
Gold:   448        SH:  0    Dex: 16    Spells: 1 memorised, 7 levels left

rFire  . . .     SeeInvis .     a - +2 war axe
rCold  . . .     Gourm    .     q - +0 chain mail
rNeg   . . .     Faith    .     (no shield)
rPois  .         Spirit   .     c - +1 helmet
rElec  .         Dismiss  .     C - +2 cloak
rCorr  .         Reflect  .     d - +0 pair of gloves
SustAt +         Harm     .     (no boots)
MR     +....                    (no amulet)
Stlth  ..........               (no ring)
                                l - ring of sustain attributes

@: non-regenerating, somewhat resistant to hostile enchantments, extremely
unstealthy
A: damage resistance, recharge devices, iridescent scales 1, sense surroundings
2, slow regeneration 3, sturdy frame 1
a: Device Recharging, Minor Destruction, Lesser Servant of Makhleb, Renounce
Religion


You were on level 11 of the Dungeon.
You worshipped Makhleb.
Makhleb was most pleased with you.
You were hungry.

You visited 2 branches of the dungeon, and saw 11 of its levels.
You also visited: Sewer.

You collected 448 gold pieces.

Inventory:

Hand Weapons
 a - a +2 war axe (weapon)
 v - a +4 hand axe
Missiles
 o - 5 tomahawks
 I - 4 javelins (quivered)
 N - a throwing net
Armour
 c - a +1 helmet (worn)
 d - a +0 pair of gloves (worn)
 k - a +2 ring mail of magic resistance
 q - a +0 chain mail (worn)
 C - a +2 cloak (worn)
Jewellery
 l - a ring of sustain attributes (left hand)
 K - a cursed -2 ring of dexterity {unknown}
Wands
 e - a wand of heal wounds (2/9)
 p - a wand of flame (0/48)
 u - a wand of iceblast (0/15)
 A - a wand of lightning (4/15)
 G - a wand of iceblast (3/15)
 M - a wand of disintegration (5/24)
Scrolls
 g - a scroll of fear
 h - a scroll of fog
 i - 3 scrolls of teleportation
 m - 2 scrolls of enchant weapon
 w - a scroll of remove curse
 y - a scroll of blinking
 z - 4 scrolls of identify
 E - a scroll of magic mapping
 F - 4 scrolls of enchant armour
Potions
 b - a potion of mutation
 r - a potion of agility {unknown}
 s - a potion of ambrosia {unknown}
 t - 2 potions of magic
 x - a potion of flight
 D - a potion of might
Books
 B - a book of Burglary

   Spells                             Type                      Level
   a - Swiftness                      Charms/Air                   2
   b - Passwall                       Transmutation/Earth          2
   c - Passage of Golubria            Translocation                4
   d - Lee's Rapid Deconstruction     Earth                        5
   e - Darkness                       Hexes                        6
   f - Invisibility                   Hexes                        6
 H - Atawemp's Guide on Beguiling
   (You found it on level 8 of the Dungeon)

   Spells                             Type                      Level
   a - Gell's Gravitas                Hexes/Translocation          3
   b - Confuse                        Hexes                        3
   c - Tukima's Dance                 Hexes                        3
   d - Fulminant Prism                Conjuration/Hexes            4
   e - Leda's Liquefaction            Hexes/Earth                  4
Comestibles
 f - 13 bread rations
 j - 4 meat rations
 n - 2 beef jerkies
 J - a slice of pizza
 L - 6 chunks of flesh


   Skills:
 - Level 3.0 Fighting
 * Level 15.1 Axes
 - Level 1.7 Throwing
 - Level 3.2 Armour
 - Level 3.2 Dodging
 + Level 2.3 Evocations


You had 7 spell levels left.
You knew the following spells:

 Your Spells              Type           Power        Failure   Level  Hunger
a - Swiftness             Chrm/Air       #.......     100%        2    ###....


Dungeon Overview and Level Annotations

Branches:
Dungeon (9/15)             Temple (1/1) D:5            Lair (0/8) D:11
    Orc: D:9-12

Altars:
Ashenzari
Cheibriados
Dithmenos
Elyvilon
Fedhas
Gozag
Kikubaaqudgha
Makhleb
Nemelex Xobeh
Okawaru
Pakellas
Qazlal
Ru
Sif Muna
Trog
Vehumet
Xom
Yredelemnul
Zin
The Shining One

Annotations:
D:2 Sigmund
D:6 Pikel
D:8 exclusion: statue


Innate Abilities, Weirdness & Mutations

You are resistant to damage.
You can recharge devices by infusing magical energy.
You passively map the area around you.
You do not regenerate naturally.
You are partially covered in iridescent scales (AC +4).
Your movements are slightly less encumbered by armour (ER -2).


Message History

Okay, then.
Evoke which item? (* to show all) (? for menu, Esc to quit)
Zapping:
e - a wand of heal wounds (3/9)
Press: ? - help, Shift-Dir - straight line, f - you, p - red ugly thing You feel much better.
This wand has 2 charges left.
The red ugly thing tail-slaps you but does no damage.
You hit the red ugly thing.
The red ugly thing is almost dead.
The red ugly thing tail-slaps you.
You are engulfed in flames!
* * * LOW HITPOINT WARNING * * *
Put on which piece of jewellery? (? for menu, Esc to quit)
Okay, then.
You hit the red ugly thing but do no damage.
The red ugly thing is almost dead.
You closely miss the red ugly thing.
The red ugly thing is almost dead.
The red ugly thing tail-slaps you!
* * * LOW HITPOINT WARNING * * *
You are engulfed in flames!!
You die...

,, ... ..#* ###. * **
, , .... ... ..... ,
, ,* ..##.#* #...##
....# #.....# ** , *
* #..# ....... , *
*.######..##.....P.**
* *
..................,*
* ######u#.........,
* #@#.....>... ,
#.##........ * , <
#.##........ * * ,, ,
, * #.###..P.PP. , ,
,, * #.# *....P.. , ,
, * #.# *#.....# ,,,,
..# *, ,* * * ,* ,
### ,* * , **,, , ***


You could see a red ugly thing.

Vanquished Creatures
  An elephant (D:11)
  Joseph (D:8)
  Prince Ribbit (D:8)
  A two-headed ogre (D:8)
  A spriggan (D:7)
  A shadow (D:11)
  A wyvern (D:8)
  Eustachio (D:5)
  3 yaks (D:7)
  A hungry ghost (D:7)
  Purgy (Sewer)
  A phantom (D:7)
  A wasp (D:7)
  4 ogres
  3 centaurs
  A big kobold (D:7)
  Blork the orc (D:5)
  2 giant frogs
  5 wights (D:9)
  4 howler monkeys
  2 crimson imps
  2 giant frog zombies (D:8)
  A centaur zombie (D:5)
  4 orc priests
  4 hounds
  2 centaur skeletons
  2 gnoll shamans
  Crazy Yiuf (D:5)
  2 iguanas
  Ijyb (D:3)
  5 orc wizards
  A worker ant (D:4)
  A killer bee zombie (D:6)
  2 sheep (D:11)
  8 gnolls
  8 adders
  2 shadow imps
  An ooze (D:4)
  An adder skeleton (D:5)
  A dart slug (D:1)
  4 giant geckos
  26 orcs
  3 ball pythons (Sewer)
  3 bats
  5 giant cockroaches
  7 goblins
  6 hobgoblins
  4 jackals (D:7)
  3 quokkas
  6 giant newts
  10 kobolds
  7 rats
170 creatures vanquished.

Vanquished Creatures (others)
  A human (D:8)
1 creature vanquished.

Grand Total: 171 creatures vanquished

Notes
Turn   | Place    | Note
--------------------------------------------------------------
     0 | D:1      | MenacingMecha the Deep Dwarf Gladiator began the quest for the Orb.
     0 | D:1      | Reached XP level 1. HP: 19/19 MP: 1/1
   137 | D:1      | Reached skill level 4 in Axes
   137 | D:1      | Reached XP level 2. HP: 23/26 MP: 2/2
   806 | D:2      | Reached XP level 3. HP: 21/32 MP: 3/3
   900 | D:2      | Reached skill level 5 in Axes
   949 | D:2      | Noticed Sigmund
  1143 | D:3      | Reached XP level 4. HP: 28/39 MP: 4/4
  1144 | D:3      | Found a glowing drain.
  1153 | Sewer    | Entered a sewer
  1240 | Sewer    | Noticed Purgy
  1264 | Sewer    | Killed Purgy
  1264 | Sewer    | Reached skill level 6 in Axes
  1264 | Sewer    | Reached XP level 5. HP: 24/45 MP: 5/5
  1508 | D:3      | Noticed Ijyb
  1514 | D:3      | Reached skill level 7 in Axes
  1531 | D:3      | Killed Ijyb
  1843 | D:4      | Found a blossoming altar of Fedhas.
  1856 | D:3      | Reached XP level 6. HP: 16/52 MP: 6/6
  2095 | D:4      | Reached skill level 8 in Axes
  2570 | D:5      | Entered Level 5 of the Dungeon
  2572 | D:5      | Noticed Blork the orc
  2581 | D:5      | Killed Blork the orc
  2581 | D:5      | Reached XP level 7. HP: 26/58 MP: 7/7
  2660 | D:5      | Found a staircase to the Ecumenical Temple.
  2669 | Temple   | Entered the Ecumenical Temple
  2676 | Temple   | Became a worshipper of Makhleb the Destroyer
  2953 | D:5      | Reached skill level 9 in Axes
  3005 | D:5      | Reached skill level 1 in Armour
  3325 | D:5      | Noticed Eustachio
  3338 | D:5      | Killed Eustachio
  3463 | D:5      | Noticed Crazy Yiuf
  3471 | D:5      | Killed Crazy Yiuf
  3962 | D:6      | Reached XP level 8. HP: 29/69 MP: 8/8
  4033 | D:6      | Learned a level 2 spell: Swiftness
  4196 | D:6      | Noticed Pikel
  4281 | D:7      | Reached skill level 10 in Axes
  4446 | D:7      | Reached * piety under Makhleb
  4454 | D:7      | Reached skill level 11 in Axes
  4792 | D:7      | Reached skill level 12 in Axes
  4792 | D:7      | Gained mutation: You passively map the area around you. [Deep Dwarf growth]
  4792 | D:7      | Reached XP level 9. HP: 45/75 MP: 9/9
  5221 | D:7      | Reached ** piety under Makhleb
  5292 | D:8      | Identified Atawemp's Guide on Beguiling
  5302 | D:8      | Found a radiant altar of Vehumet.
  5356 | D:8      | Noticed Prince Ribbit
  5412 | D:8      | Found a sacrificial altar of Ru.
  5412 | D:8      | Found a deep blue altar of Sif Muna.
  5421 | D:8      | Reached skill level 13 in Axes
  5760 | D:8      | Gained mutation: You are partially covered in iridescent scales (AC +4). [potion of mutation]
  5760 | D:8      | Gained mutation: Your movements are slightly less encumbered by armour (ER -2). [potion of mutation]
  5790 | D:8      | Noticed Joseph
  5807 | D:8      | Killed Joseph
  5807 | D:8      | Reached skill level 14 in Axes
  5980 | D:8      | Killed Prince Ribbit
  6201 | D:8      | Reached XP level 10. HP: 42/84 MP: 10/10
  6205 | D:8      | Found an ancient bone altar of Kikubaaqudgha.
  6378 | D:9      | Reached *** piety under Makhleb
  6454 | D:9      | You fall through a shaft for 2 floors!
  6454 | D:11     | Found a staircase to the Lair.
  6454 | D:11     | Noticed an elephant
  6460 | D:11     | Killed an elephant
  6460 | D:11     | Reached skill level 15 in Axes
  6460 | D:11     | Reached skill level 1 in Evocations
  6468 | D:11     | Noticed a red ugly thing
  6482 | D:11     | HP: 2/84 [red ugly thing (19)]
  6486 | D:11     | Mangled by a red ugly thing

Vault maps used:
D:1:      saegor_arrival_simple_d, kennysheep_minor_cross,
          minmay_misc_feat_columns, st_stairs_11
D:2:      uniq_sigmund
D:3:      first_bread, portal_sewer_entry_d, uniq_iyjb
D:4:      fedhas_altar_1
D:5:      temple_doors_e, kennysheep_generic_room_3, uniq_blork_the_orc,
          uniq_eustachio, uniq_crazy_yiuf_cottage
D:6:      mumra_celtic_spiral_tile, uniq_pikel
D:7:      the_bakery
D:8:      vehumet_statue, amethyst_overflow_temple_binary,
          minmay_misc_feat_plants, tgw_kikubaaqudgha, uniq_prince_ribbit1,
          uniq_joseph
D:9:      special_room
D:11:     david_lair_generic
Temple:   minmay_crystal_snake_temple_18
Sewer:    sewer_co_purgy_island

Skill      XL: |  1  2  3  4  5  6  7  8  9 10 |
---------------+-------------------------------+-----
Axes           | 4 5 6 7 8 9 12 14 15 | 15.1
Fighting       | 3 |  3.0
Armour         | 3 |  3.2
Evocations     | 2 |  2.3
Throwing       | |  1.7
Dodging        | |  3.2

Action                   |  1- 3 |  4- 6 |  7- 9 | 10-12 || total
-------------------------+-------+-------+-------+-------++-------
Melee: War axe           |   119 |   130 |   316 |    49 ||   614
Throw: Throwing net      |       |     3 |       |       ||     3
       Tomahawk          |       |     6 |    30 |       ||    36
       Javelin           |       |       |    14 |       ||    14
Invok: Minor Destruction |       |       |     1 |       ||     1
Evoke: Wand              |       |     1 |    17 |     5 ||    23
  Use: Potion            |     2 |     5 |     5 |       ||    12
       Scroll            |       |     9 |     8 |       ||    17
 Stab: Held in net/web   |       |     1 |       |       ||     1
  Eat: Chunk             |     1 |     5 |    17 |       ||    23
